[Event "ICC tourney 2412 (45 10)"]
[Site "Internet Chess Club"]
[Date "2021.02.27"]
[Round "1"]
[White "MARTINEZ, LAWRENCE:apachekid"]
[Black "MAZUMDAR, SHAURYA:raremystery"]
[Result "1/2-1/2"]
[ICCResult "Game drawn because neither player has mating material"]
[WhiteElo "1816"]
[BlackElo "1654"]
[Opening "Queen's pawn: stonewall attack"]
[ECO "D00"]
[NIC "QP.08"]
[Time "11:03:04"]
[PlyCount "118"]
[TimeControl "2700+10"]

1. d4 d5 2. e3 Nf6 3. Bd3 c5 4. c3 Nc6 5. dxc5 e5 6. b4 a6 7. Nd2 Be7 8.
Bb2 b6 9. cxb6 Qxb6 10. e4 d4 11. Ne2 dxc3 12. Bxc3 Nxb4 13. Nc4 Qd8 14.
Nxe5 Nxd3+ 15. Nxd3 O-O 16. f3 Bb7 17. O-O Rc8 18. Kh1 a5 19. Bd4 Ba6 20.
Rc1 Rxc1 21. Ndxc1 Qc7 22. Qb3 Rb8 23. Qc3 Qxc3 24. Bxc3 a4 25. Rd1 Rb1 26.
Nf4 h6 27. Re1 Ba3 28. Ncd3 Rxe1+ 29. Nxe1 Bc4 30. Nc2 Bc1 31. g3 Bxf4 32.
gxf4 Bxa2 33. Nb4 Bb3 34. Kg2 Nh5 35. f5 Nf4+ 36. Kf2 Bd1 37. Ke3 Ng2+ 38.
Kf2 Nf4 39. Bb2 Nh3+ 40. Ke3 Ng5 41. f4 Nf3 42. Nd3 Nxh2 43. Kd2 Bb3 44.
Nc5 Nf3+ 45. Ke2 Nh4 46. Nxb3 axb3 47. Kf2 g5 48. fxg5 hxg5 49. Kg3 Kh7 50.
Kg4 Ng2 51. Kxg5 Ne3 52. e5 Nd5 53. e6 fxe6 54. fxe6 Kg8 55. Ba3 b2 56.
Bxb2 Kf8 57. Ba3+ Ke8 58. Kf5 Nc7 59. Kf6 Nxe6 { Game drawn because neither
player has mating material } 1/2-1/2

[Event "ICC tourney 2412 (45 10)"]
[Site "Internet Chess Club"]
[Date "2021.02.27"]
[Round "2"]
[White "THATIPARTHI, VINEETHREDDY:Vinny773175"]
[Black "MCDONALD, GABRIEL:Grinch81"]
[Result "1/2-1/2"]
[ICCResult "Game drawn by mutual agreement"]
[WhiteElo "1763"]
[BlackElo "1961"]
[Opening "Sicilian: Pelikan (Lasker/Sveshnikov) variation"]
[ECO "B33"]
[NIC "SI.36"]
[Time "13:32:05"]
[PlyCount "54"]
[TimeControl "2700+10"]

1. e4 c5 2. Nf3 Nc6 3. d4 cxd4 4. Nxd4 Nf6 5. Nc3 e5 6. Ndb5 d6 7. Bg5 a6
8. Bxf6 gxf6 9. Na3 b5 10. Nd5 Bg7 11. Bd3 O-O 12. c3 Ne7 13. Nxe7+ Qxe7
14. Nc2 f5 15. exf5 e4 16. Be2 Bxf5 17. Ne3 Be6 18. O-O f5 19. Nd5 Qd8 20.
f3 Kh8 21. fxe4 fxe4 22. Rxf8+ Bxf8 23. Qd4+ Bg7 24. Qxe4 Bxd5 25. Qxd5
Qb6+ 26. Kh1 Re8 27. Bf3 b4 { Game drawn by mutual agreement } 1/2-1/2

[Event "ICC tourney 2412 (45 10)"]
[Site "Internet Chess Club"]
[Date "2021.02.27"]
[Round "2"]
[White "CAREY, MICHAEL P:xyzchessdude"]
[Black "RAMASWAMY, PUDUR:clair"]
[Result "1/2-1/2"]
[ICCResult "Game drawn by mutual agreement"]
[WhiteElo "1987"]
[BlackElo "1723"]
[Opening "Nimzovich-Larsen attack: Indian variation"]
[ECO "A01"]
[NIC "VO.08"]
[Time "13:31:47"]
[PlyCount "63"]
[TimeControl "2700+10"]

1. b3 Nf6 2. Bb2 g6 3. c4 Bg7 4. Nf3 O-O 5. g3 d6 6. d4 Re8 7. Bg2 c6 8.
O-O Bg4 9. h3 Be6 10. Nc3 h6 11. e4 Qc8 12. Kh2 g5 13. Rc1 g4 14. hxg4
Nxg4+ 15. Kg1 Nf6 16. e5 Nfd7 17. d5 Bg4 18. e6 fxe6 19. Qd2 Bxf3 20. Bxf3
Rf8 21. Bg4 Ne5 22. Qe2 Nxg4 23. Qxg4 e5 24. Qe2 Qh3 25. Qe4 Rf5 26. Rc2
Rf7 27. Qg2 Qxg2+ 28. Kxg2 Nd7 29. Bc1 Nf6 30. dxc6 bxc6 31. Rh1 Kh7 32. f3
{ Game drawn by mutual agreement } 1/2-1/2

[Event "ICC tourney 2412 (45 10)"]
[Site "Internet Chess Club"]
[Date "2021.02.27"]
[Round "2"]
[White "KHAN, SAMI SHARAF:sami786"]
[Black "CHEN, JOCELYN:WCCJCS"]
[Result "0-1"]
[ICCResult "White checkmated"]
[WhiteElo "1014"]
[BlackElo "1803"]
[Opening "QGD: exchange, positional line, 6.Qc2"]
[ECO "D36"]
[NIC "QO.16"]
[Time "13:32:05"]
[PlyCount "54"]
[TimeControl "2700+10"]

1. d4 d5 2. c4 e6 3. Nc3 Nf6 4. cxd5 exd5 5. Bg5 c6 6. Qc2 Be7 7. e3 Nbd7
8. Bd3 O-O 9. Nge2 Re8 10. O-O h6 11. Bh4 Nf8 12. f3 Ne6 13. Rad1 Nd7 14.
Bxe7 Qxe7 15. e4 dxe4 16. fxe4 Nf6 17. h3 Qb4 18. a3 Qb6 19. e5 Nxd4 20.
Na4 Nxe2+ 21. Kh2 Qe3 22. exf6 Qg3+ 23. Kh1 Bxh3 24. Bh7+ Kh8 25. Be4 Bxg2+
26. Bxg2 Qh4+ 27. Bh3 Qxh3# { White checkmated } 0-1

[Event "ICC tourney 2412 (45 10)"]
[Site "Internet Chess Club"]
[Date "2021.02.27"]
[Round "2"]
[White "ZHENG, ALAN:AlanZ"]
[Black "GARG, ADVIK:aachess4321"]
[Result "1-0"]
[ICCResult "Black resigns"]
[WhiteElo "1718"]
[BlackElo "1289"]
[Opening "Grünfeld: 5.e3"]
[ECO "D94"]
[NIC "GI.09"]
[Time "13:31:53"]
[PlyCount "87"]
[TimeControl "2700+10"]

1. Nf3 Nf6 2. c4 g6 3. Nc3 d5 4. e3 Bg7 5. d4 O-O 6. cxd5 Nxd5 7. Bc4 Be6
8. Qb3 Nxc3 9. Bxe6 fxe6 10. Qxe6+ Kh8 11. bxc3 Nc6 12. O-O Rf6 13. Qh3 Qc8
14. Qxc8+ Rxc8 15. e4 Na5 16. Re1 Rc6 17. Bd2 Nc4 18. Rac1 Nxd2 19. Nxd2
Bh6 20. Re2 Rb6 21. Rce1 c5 22. Nc4 Ra6 23. d5 b5 24. Ne5 Bg7 25. f4 Ra3
26. Rb1 Rxc3 27. Rxb5 Rf8 28. g3 Bxe5 29. fxe5 Rff3 30. Rb7 Rcd3 31. Rc7
Rde3 32. Rxe3 Rxe3 33. d6 Kg7 34. d7 Rd3 35. e6 Kf6 36. Rc8 Kxe6 37. d8=Q
Rxd8 38. Rxd8 Ke5 39. Rd7 Kxe4 40. Rxe7+ Kd3 41. Rxh7 Kc2 42. Rxa7 Kb2 43.
Rc7 Kxa2 44. Rxc5 { Black resigns } 1-0

[Event "ICC tourney 2412 (45 10)"]
[Site "Internet Chess Club"]
[Date "2021.02.27"]
[Round "2"]
[White "CHENG, CLAIRE:Clairehouses"]
[Black "MARTINEZ, LAWRENCE:apachekid"]
[Result "1-0"]
[ICCResult "Black resigns"]
[WhiteElo "1697"]
[BlackElo "1816"]
[Opening "Kevitz-Trajkovich defense"]
[ECO "A50"]
[NIC "QP.07"]
[Time "13:31:45"]
[PlyCount "103"]
[TimeControl "2700+10"]

1. d4 Nf6 2. c4 Nc6 3. Nf3 e6 4. Nc3 Bb4 5. Bg5 h6 6. Bh4 g5 7. Bg3 Ne4 8.
Qc2 Nxg3 9. hxg3 g4 10. Ne5 Nxd4 11. Qd2 c5 12. Nxg4 h5 13. Ne5 Qf6 14. Nf3
d5 15. cxd5 exd5 16. O-O-O Nxf3 17. exf3 d4 18. Qe2+ Be6 19. Ne4 Qh6+ 20.
f4 O-O-O 21. Kb1 c4 22. Qc2 b5 23. a3 Be7 24. b3 Kb8 25. bxc4 bxc4 26. Bxc4
Rc8 27. Rxd4 Bxc4 28. Rxc4 Qb6+ 29. Ka2 Qe6 30. Rb1+ Ka8 31. Nd2 Rhd8 32.
Qe4+ Qxe4 33. Rxc8+ Rxc8 34. Nxe4 f5 35. Ng5 Bf6 36. Kb3 Rc3+ 37. Ka4 Rc2
38. Rb5 Rxf2 39. Rxf5 Be7 40. Ne4 Ra2 41. Rxh5 Rxa3+ 42. Kb5 Re3 43. Ka6
Kb8 44. Re5 Ra3+ 45. Kb5 Bd8 46. Kc6 a5 47. Re8 Rd3 48. Nd6 Rc3+ 49. Kd7
Rxg3 50. Rxd8+ Ka7 51. Kc6 a4 52. Nb5+ { Black resigns } 1-0

[Event "ICC tourney 2412 (45 10)"]
[Site "Internet Chess Club"]
[Date "2021.02.27"]
[Round "2"]
[White "CHERUKURI, DEVESH:Deveshc"]
[Black "LEVINE, OWEN:Superowen"]
[Result "1-0"]
[ICCResult "Black resigns"]
[WhiteElo "1532"]
[BlackElo "1692"]
[Opening "Sicilian: Smith-Morra gambit"]
[ECO "B21"]
[NIC "SI.48"]
[Time "13:31:44"]
[PlyCount "87"]
[TimeControl "2700+10"]

1. e4 c5 2. d4 cxd4 3. c3 d5 4. exd5 Qxd5 5. Nf3 Nc6 6. cxd4 Bg4 7. Be2 e6
8. Nc3 Qa5 9. O-O Nf6 10. Bg5 Be7 11. Be3 O-O 12. a3 Rfd8 13. b4 Qc7 14.
Qd2 Rac8 15. Rac1 Qd7 16. Rfd1 a5 17. b5 Na7 18. Ne5 Qe8 19. Nxg4 Nxg4 20.
Bxg4 Bxa3 21. Rc2 Bb4 22. Be2 b6 23. Rb1 Rd7 24. Qc1 Rdc7 25. Rb3 Qe7 26.
Qb2 Qf6 27. Bd3 Qd8 28. Na4 Rxc2 29. Bxc2 Nxb5 30. Bd3 Nd6 31. Bd2 Qc7 32.
Bxb4 axb4 33. Rxb4 Qc1+ 34. Qxc1 Rxc1+ 35. Bf1 b5 36. Nc5 Nc4 37. Rxb5 h6
38. Nb3 Rb1 39. Rc5 Nd6 40. Nd2 Rd1 41. Rc2 Nf5 42. Nf3 Nd6 43. g3 Ne4 44.
Kg2 { Black resigns } 1-0

[Event "ICC tourney 2412 (45 10)"]
[Site "Internet Chess Club"]
[Date "2021.02.27"]
[Round "2"]
[White "VATS, ATIKSH:avats"]
[Black "ZHENG, CARISSA ANGELA:bg26723"]
[Result "1/2-1/2"]
[ICCResult "Game drawn by mutual agreement"]
[WhiteElo "1577"]
[BlackElo "1880"]
[Opening "Caro-Kann: exchange variation"]
[ECO "B13"]
[NIC "CK.02"]
[Time "13:31:47"]
[PlyCount "87"]
[TimeControl "2700+10"]

1. e4 c6 2. d4 d5 3. exd5 cxd5 4. Nf3 Nf6 5. Be2 Nc6 6. c3 Bg4 7. O-O e6 8.
Bf4 Bd6 9. Bxd6 Qxd6 10. Nbd2 O-O 11. Nh4 Bxe2 12. Qxe2 Rfe8 13. Nhf3 a6
14. Rad1 Rac8 15. Rfe1 Nd7 16. Nb3 b5 17. a3 a5 18. Nbd2 Rb8 19. h3 a4 20.
Nh2 Nf6 21. Ndf3 Na5 22. Nd2 Rb7 23. Nhf1 Nc4 24. Nxc4 bxc4 25. Ne3 Reb8
26. Rb1 Ne4 27. Nxc4 Qc7 28. Qd3 Nxf2 29. Kxf2 dxc4 30. Qc2 g6 31. Kg1 Rb3
32. Re5 Qb7 33. Rc5 Rxa3 34. Rxc4 Qb3 35. Qxb3 Raxb3 36. Rxa4 Rxc3 37. bxc3
Rxb1+ 38. Kh2 Rc1 39. Rc4 Kf8 40. Rc7 h5 41. Kg3 Ke8 42. Kh4 Rc2 43. g4
hxg4 44. Kxg4 { Game drawn by mutual agreement } 1/2-1/2

[Event "ICC tourney 2412 (45 10)"]
[Site "Internet Chess Club"]
[Date "2021.02.27"]
[Round "2"]
[White "POMPE, NIKO:kralj8"]
[Black "STEINER, ADAMSON:poohfur"]
[Result "1-0"]
[ICCResult "Black resigns"]
[WhiteElo "1917"]
[BlackElo "1706"]
[Opening "Ruy Lopez: Morphy defense"]
[ECO "C77"]
[NIC "RL.12"]
[Time "13:31:51"]
[PlyCount "47"]
[TimeControl "2700+10"]

1. e4 e5 2. Nf3 Nc6 3. Bb5 a6 4. Ba4 Nf6 5. d4 b5 6. Bb3 exd4 7. O-O Bc5 8.
e5 Ng4 9. h3 Ngxe5 10. Nxe5 Nxe5 11. Re1 d6 12. f4 Qh4 13. fxe5 d3+ 14. Be3
Bxh3 15. exd6 O-O 16. Bxc5 Bxg2 17. Kxg2 Qg5+ 18. Kf1 Qxc5 19. Qxd3 cxd6
20. Nd2 Qh5 21. Nf3 Rae8 22. Kf2 Qc5+ 23. Qd4 Qf5 24. Qd5 { Black resigns }
1-0

[Event "ICC tourney 2412 (45 10)"]
[Site "Internet Chess Club"]
[Date "2021.02.27"]
[Round "2"]
[White "OPASKA, MICHAEL:mopaska1106"]
[Black "SANE, ADWAY:adwaysane"]
[Result "1/2-1/2"]
[ICCResult "Game drawn by mutual agreement"]
[WhiteElo "1956"]
[BlackElo "1716"]
[Opening "Queen's pawn game"]
[ECO "D05"]
[NIC "QP.08"]
[Time "13:32:39"]
[PlyCount "70"]
[TimeControl "2700+10"]

1. d4 d5 2. Nf3 Nf6 3. e3 e6 4. Bd3 Bd6 5. O-O c5 6. c3 Nc6 7. Nbd2 O-O 8.
Re1 b6 9. dxc5 Bxc5 10. e4 Ng4 11. Nd4 Qh4 12. N2f3 Qxf2+ 13. Kh1 Qxd4 14.
cxd4 Nf2+ 15. Kg1 Nxd1 16. dxc5 Rd8 17. exd5 Nxb2 18. Bxb2 Rxd5 19. cxb6
Rxd3 20. bxa7 Rxa7 21. Rec1 Bb7 22. Rc3 Rxc3 23. Bxc3 Ba6 24. a4 Rb7 25. a5
Kf8 26. Nd4 Nxd4 27. Bxd4 g6 28. Rc1 Rb8 29. Rc6 Ra8 30. Rc7 Bb5 31. Bb6
Ba6 32. Kf2 Ke8 33. Ke3 Bf1 34. g4 g5 35. Ke4 Kf8 { Game drawn by mutual
agreement } 1/2-1/2

[Event "ICC tourney 2412 (45 10)"]
[Site "Internet Chess Club"]
[Date "2021.02.27"]
[Round "2"]
[White "CHAMPSI, IMRAN:imranchamp"]
[Black "SESHADRI, SRIDHAR:SridharCCA70"]
[Result "1-0"]
[ICCResult "Black resigns"]
[WhiteElo "1852"]
[BlackElo "1567"]
[Opening "Alekhine's defense: exchange variation"]
[ECO "B02"]
[NIC "AL.08"]
[Time "13:31:47"]
[PlyCount "103"]
[TimeControl "2700+10"]

1. e4 Nf6 2. e5 Nd5 3. c4 Nb6 4. d4 d6 5. exd6 cxd6 6. Nc3 Nc6 7. Be3 e6 8.
Rc1 Be7 9. b3 O-O 10. Nf3 Bf6 11. Be2 d5 12. cxd5 Nxd5 13. O-O Nxe3 14.
fxe3 Be7 15. Bd3 Ba3 16. Rc2 Nb4 17. Rcf2 Nxd3 18. Qxd3 f5 19. e4 Bd7 20.
exf5 exf5 21. Ne5 Be6 22. Ne2 Bd6 23. Nc4 Bc7 24. Nf4 Bf7 25. Ne3 g6 26.
Rf3 g5 27. Ne2 f4 28. Ng4 Bg6 29. Qc4+ Kg7 30. d5 h5 31. Nd4 Bb6 32. Kh1
Bxd4 33. Qxd4+ Kh7 34. Ne5 Qf6 35. Rc3 Rac8 36. Rxc8 Rxc8 37. Re1 Rc7 38.
d6 Rd7 39. Qxa7 Qxd6 40. Nxd7 Qxd7 41. Qc5 Qd8 42. Qe7+ Qxe7 43. Rxe7+ Kh6
44. Rxb7 g4 45. a4 Kg5 46. Rg7 Kf5 47. Rxg6 Kxg6 48. a5 Kf5 49. a6 f3 50.
gxf3 gxf3 51. Kg1 Kf4 52. Kf2 { Black resigns } 1-0

[Event "ICC tourney 2412 (45 10)"]
[Site "Internet Chess Club"]
[Date "2021.02.27"]
[Round "2"]
[White "SURESH, AKSHAT:AkshatSuresh"]
[Black "PU, LANDON:landonp"]
[Result "0-1"]
[ICCResult "White checkmated"]
[WhiteElo "1691"]
[BlackElo "1524"]
[Opening "Ruy Lopez: Anderssen variation"]
[ECO "C77"]
[NIC "RL.12"]
[Time "13:31:45"]
[PlyCount "72"]
[TimeControl "2700+10"]

1. e4 e5 2. Nf3 Nc6 3. Bb5 a6 4. Ba4 Nf6 5. d3 b5 6. Bb3 Bc5 7. O-O d6 8.
c3 h6 9. Nbd2 O-O 10. h3 Re8 11. Re1 Be6 12. Bc2 Ne7 13. Nf1 Ng6 14. Ng3
Qc8 15. Qe2 Nf4 16. Bxf4 exf4 17. Nf1 Bb6 18. a4 Rb8 19. axb5 axb5 20. Qd2
Nh5 21. d4 c5 22. Bd1 g5 23. Nxg5 hxg5 24. Bxh5 Kg7 25. Qd1 Rh8 26. Kh2 g4
27. dxc5 dxc5 28. Bxg4 Bxg4 29. Qd6 Bxh3 30. Qe5+ f6 31. Qe7+ Kg6 32. Kg1
Bxg2 33. Nh2 Qh3 34. Qxf6+ Kxf6 35. e5+ Ke6 36. Ra6 Qxh2# { White
checkmated } 0-1

[Event "ICC tourney 2412 (45 10)"]
[Site "Internet Chess Club"]
[Date "2021.02.27"]
[Round "2"]
[White "PUPPALLA, PRANAY:checkmate1823"]
[Black "BOYINEPALLY, KIRAN:BoyinK-99"]
[Result "1-0"]
[ICCResult "Black resigns"]
[WhiteElo "1631"]
[BlackElo "1779"]
[Opening "Queen's pawn: London system"]
[ECO "A45"]
[NIC "QP.07"]
[Time "13:31:50"]
[PlyCount "93"]
[TimeControl "2700+10"]

1. d4 Nf6 2. Bf4 d5 3. e3 b6 4. Nd2 Nbd7 5. Ngf3 e6 6. Bd3 c5 7. c3 Be7 8.
O-O Bb7 9. Re1 Nh5 10. Bg3 Nxg3 11. hxg3 h5 12. e4 Qc7 13. exd5 Bxd5 14.
Be4 Nf6 15. Bxd5 Nxd5 16. Ne5 h4 17. Qf3 O-O 18. gxh4 Bxh4 19. Qe4 Bf6 20.
g3 cxd4 21. cxd4 Rac8 22. Ndc4 Bxe5 23. Nxe5 Qc2 24. Qh4 Qxb2 25. Rad1 Rc2
26. Nd3 Qxa2 27. Kg2 Ne3+ 28. Rxe3 Qd5+ 29. Kg1 Qf5 30. Re5 Qf3 31. Qh5
Qxh5 32. Rxh5 Ra2 33. Nb4 Rb2 34. Nc6 Ra8 35. Ne7+ Kf8 36. Rh8+ Kxe7 37.
Rxa8 a5 38. Ra7+ Kf6 39. Rd3 e5 40. dxe5+ Kxe5 41. Rdd7 f5 42. Rxg7 Ke4 43.
Kg2 Kd3 44. Rgf7 Rb5 45. Ra6 Kc4 46. Rf6 a4 47. Rxa4+ { Black resigns } 1-0

[Event "ICC tourney 2412 (45 10)"]
[Site "Internet Chess Club"]
[Date "2021.02.27"]
[Round "2"]
[White "XIAO, JAMES:AJ2000"]
[Black "BHEEMAIAH, AYUSH:Ayushb"]
[Result "0-1"]
[ICCResult "White resigns"]
[WhiteElo "1640"]
[BlackElo "1769"]
[Opening "Ruy Lopez: closed, Flohr-Zaitsev system (Lenzerheide variation)"]
[ECO "C92"]
[NIC "RL.26"]
[Time "13:31:53"]
[PlyCount "88"]
[TimeControl "2700+10"]

1. e4 e5 2. Nf3 Nc6 3. Bb5 a6 4. Ba4 Nf6 5. O-O Be7 6. Re1 b5 7. Bb3 O-O 8.
c3 d6 9. h3 Bb7 10. d4 h6 11. Bc2 Re8 12. Nbd2 Bf8 13. Nf1 g6 14. Ng3 Bg7
15. Be3 exd4 16. cxd4 Nb4 17. d5 c6 18. dxc6 Bxc6 19. Bd4 Nxc2 20. Qxc2 Rc8
21. Qd3 d5 22. e5 Ne4 23. Rad1 Nxg3 24. fxg3 Qe7 25. Rc1 Bd7 26. Rxc8 Rxc8
27. Bc3 Qc5+ 28. Kh2 Bf5 29. Qd4 Qxd4 30. Nxd4 Be4 31. a3 Re8 32. Nf3 Rd8
33. Nd2 Bd3 34. Nf3 Re8 35. Rd1 Be4 36. Re1 g5 37. g4 Re6 38. Kg3 Kf8 39.
h4 gxh4+ 40. Kxh4 Ke8 41. g5 hxg5+ 42. Nxg5 Rh6+ 43. Kg3 Rg6 44. Kf4 Bh6 {
White resigns } 0-1

[Event "ICC tourney 2412 (45 10)"]
[Site "Internet Chess Club"]
[Date "2021.02.27"]
[Round "2"]
[White "JAYAGANESH, PRANAV ESWAR:happyscientist"]
[Black "CHERUKURI, NITESH:Niteshc"]
[Result "1-0"]
[ICCResult "Black checkmated"]
[WhiteElo "1811"]
[BlackElo "1690"]
[Opening "Caro-Kann defense"]
[ECO "B12"]
[NIC "CK.01"]
[Time "13:31:45"]
[PlyCount "139"]
[TimeControl "2700+10"]

1. e4 c6 2. d4 d6 3. Nc3 d5 4. exd5 cxd5 5. Nf3 Nc6 6. Bb5 a6 7. Ba4 Bg4 8.
h3 Bxf3 9. Qxf3 e6 10. Bxc6+ bxc6 11. O-O Bd6 12. Be3 Nf6 13. Rfe1 O-O 14.
a3 Qc7 15. Bg5 Nd7 16. Ne2 f6 17. Bh4 e5 18. c3 e4 19. Qe3 Rab8 20. Rab1
Nb6 21. Bg3 Nc4 22. Qc1 Bxg3 23. Nxg3 e3 24. Re2 Nd2 25. Rxd2 exd2 26. Qxd2
Rfe8 27. Nf5 Re6 28. Qd3 Rbe8 29. Ne3 g6 30. Qxa6 f5 31. Qd3 f4 32. Ng4
Re1+ 33. Kh2 Kg7 34. Ne5 Rxb1 35. Qxb1 c5 36. Qd3 cxd4 37. cxd4 Qc1 38. Qb5
Rf8 39. Qd7+ Kh8 40. Nf7+ Kg7 41. Ne5+ Kh8 42. Qe7 Qc8 43. Nf7+ Rxf7 44.
Qxf7 Qg8 45. Qxg8+ Kxg8 46. Kg1 Kf8 47. Kf1 Ke7 48. Ke2 Kd6 49. Kd3 Kc6 50.
f3 Kb5 51. Kc3 Ka4 52. Kc2 Kb5 53. b3 Ka5 54. Kc3 Kb5 55. a4+ Ka6 56. Kb4
Kb6 57. a5+ Ka6 58. Kc5 g5 59. b4 h5 60. Kxd5 g4 61. Kc6 gxf3 62. gxf3 h4
63. b5+ Ka7 64. b6+ Ka8 65. b7+ Kb8 66. a6 Ka7 67. Kc7 Kxa6 68. b8=Q Ka5
69. Qb3 Ka6 70. Qa4# { Black checkmated } 1-0

[Event "ICC tourney 2412 (45 10)"]
[Site "Internet Chess Club"]
[Date "2021.02.27"]
[Round "2"]
[White "GANBAATAR, AMARJARGAL:AmyMGL"]
[Black "ZHANG, SUNNY:AboardBuffalo"]
[Result "1-0"]
[ICCResult "Black resigns"]
[WhiteElo "1900"]
[BlackElo "1656"]
[Opening "Giuoco Piano: Anderssen variation"]
[ECO "C54"]
[NIC "IG.02"]
[Time "13:31:47"]
[PlyCount "73"]
[TimeControl "2700+10"]

1. e4 e5 2. Nf3 Nc6 3. Bc4 Bc5 4. c3 Nf6 5. d4 exd4 6. e5 d5 7. Bb5 Ne4 8.
cxd4 Bb4+ 9. Bd2 Nxd2 10. Bxc6+ bxc6 11. Nbxd2 Ba6 12. Qc2 Bb7 13. a3 Be7
14. O-O O-O 15. Nb3 a5 16. Nc5 Bxc5 17. Qxc5 Qd7 18. Rfe1 h6 19. Rac1 Rfe8
20. a4 Qe7 21. Nd2 Qxc5 22. Rxc5 Ra6 23. Rec1 Rea8 24. f4 Rb6 25. R1c3 Rb4
26. Rb3 Rxd4 27. Rxb7 Rxd2 28. Rxc6 Rd4 29. g3 Rc8 30. b3 Rd1+ 31. Kg2 Rd3
32. Rc5 Rd2+ 33. Kf3 Rxh2 34. Rxd5 c5 35. Rdd7 Rf8 36. e6 g5 37. e7 { Black
resigns } 1-0

[Event "ICC tourney 2412 (45 10)"]
[Site "Internet Chess Club"]
[Date "2021.02.27"]
[Round "2"]
[White "MARTINEZ, ABRAHAM:Pugnacious"]
[Black "FURMAN, MIKHAIL:mfurm"]
[Result "0-1"]
[ICCResult "White resigns"]
[WhiteElo "1671"]
[BlackElo "1917"]
[Opening "Sicilian: Grand Prix attack"]
[ECO "B23"]
[NIC "SI.44"]
[Time "13:31:46"]
[PlyCount "72"]
[TimeControl "2700+10"]

1. e4 c5 2. Nc3 Nc6 3. f4 d6 4. Nf3 a6 5. a4 Qc7 6. Bc4 e6 7. O-O Nge7 8.
Qe1 Nd4 9. Qd1 g6 10. d3 Bg7 11. Re1 Nec6 12. Be3 Bd7 13. Rb1 O-O-O 14.
Bxd4 Nxd4 15. Nxd4 Bxd4+ 16. Kh1 h5 17. Ne2 Be3 18. c3 Qc6 19. Bb3 d5 20.
exd5 exd5 21. Ng3 Bg4 22. Qc2 Bxf4 23. Qf2 Qd6 24. d4 c4 25. Bc2 h4 26. Nf1
f6 27. h3 Bg3 28. Nxg3 hxg3 29. Qe3 g5 30. Kg1 Bd7 31. Qe7 Qf4 32. Re2 Rde8
33. Qc5+ Kb8 34. Rf1 Rxe2 35. Rxf4 gxf4 36. Kf1 Rhe8 { White resigns } 0-1

[Event "ICC tourney 2412 (45 10)"]
[Site "Internet Chess Club"]
[Date "2021.02.27"]
[Round "2"]
[White "MATHIYAZHAGAN, ASHRITH:Kinawa"]
[Black "RODENSTEIN, ALAN:arconsul2"]
[Result "1/2-1/2"]
[ICCResult "Game drawn by mutual agreement"]
[WhiteElo "1589"]
[BlackElo "1726"]
[Opening "Caro-Kann: classical, Flohr variation"]
[ECO "B18"]
[NIC "CK.10"]
[Time "13:31:58"]
[PlyCount "70"]
[TimeControl "2700+10"]

1. e4 c6 2. d4 d5 3. Nc3 dxe4 4. Nxe4 Bf5 5. Ng3 Bg6 6. Nh3 Nf6 7. Nf4 Nbd7
8. h4 e5 9. Qe2 Qe7 10. Nxg6 hxg6 11. dxe5 Qxe5 12. Bf4 Qxe2+ 13. Bxe2 Nd5
14. Bd2 O-O-O 15. O-O-O Bc5 16. Ne4 Be7 17. Ng5 Rdf8 18. c4 N5f6 19. Be3
Bc5 20. Bxc5 Nxc5 21. Bf3 Ncd7 22. Rde1 Kd8 23. g3 Nh7 24. Nxh7 Rxh7 25.
Re2 Re8 26. Rd2 Kc7 27. Rhd1 Re7 28. Bg2 Rh8 29. Bh3 Nf6 30. Bg2 Rhe8 31.
Bf3 Rd7 32. Rxd7+ Nxd7 33. b3 Nf6 34. Rd4 Re1+ 35. Kc2 Re7 { Game drawn by
mutual agreement } 1/2-1/2

[Event "ICC tourney 2412 (45 10)"]
[Site "Internet Chess Club"]
[Date "2021.02.27"]
[Round "2"]
[White "MAZUMDAR, SHAURYA:raremystery"]
[Black "MARTINEZ, ENOCH:TheChessShark"]
[Result "0-1"]
[ICCResult "White checkmated"]
[WhiteElo "1654"]
[BlackElo "1809"]
[Opening "Sicilian: Richter-Rauzer, Bondarevsky variation"]
[ECO "B60"]
[NIC "SI.27"]
[Time "13:31:43"]
[PlyCount "80"]
[TimeControl "2700+10"]

1. e4 c5 2. Nf3 Nc6 3. d4 cxd4 4. Nxd4 Nf6 5. Nc3 d6 6. Bg5 g6 7. Qd2 Bg7
8. O-O-O O-O 9. Nb3 Be6 10. Kb1 Re8 11. h4 a6 12. f3 b5 13. g4 Ne5 14. Qe3
b4 15. Ne2 a5 16. h5 Nc4 17. Qg1 a4 18. Nbd4 b3 19. cxb3 axb3 20. Nxb3 Nxb2
21. Ned4 Nxd1 22. hxg6 Bxb3 23. Nxb3 Nc3+ 24. Kc2 Rxa2+ 25. Kc1 Qc7 26.
gxf7+ Kxf7 27. Nc5 Ne2+ 28. Bxe2 Ra1+ 29. Kd2 Rxg1 30. Bc4+ Kg6 31. e5 Qxc5
32. Bd3+ Kxg5 33. exf6 Rxh1 34. f4+ Kxf4 35. f7 Rh2+ 36. Be2 Qc3+ 37. Kd1
Rh1+ 38. Bf1 Rxf1+ 39. Ke2 Re1+ 40. Kf2 Qg3# { White checkmated } 0-1

[Event "ICC tourney 2412 (45 10)"]
[Site "Internet Chess Club"]
[Date "2021.02.27"]
[Round "2"]
[White "Thomas, Mitchell:byumitchell"]
[Black "YADAV, ARJUN:arjunchesszero"]
[Result "0-1"]
[ICCResult "White resigns"]
[WhiteElo "1409"]
[BlackElo "1197"]
[Opening "Sicilian: Taimanov (Bastrikov) variation"]
[ECO "B47"]
[NIC "SI.40"]
[Time "13:32:04"]
[PlyCount "94"]
[TimeControl "2700+10"]

1. e4 c5 2. Nf3 e6 3. d4 cxd4 4. Nxd4 Nc6 5. Nc3 Qc7 6. Be2 Nf6 7. Ndb5 Qb8
8. Bg5 Be7 9. Bxf6 Bxf6 10. Nd6+ Ke7 11. Nc4 b5 12. Ne3 b4 13. Na4 Rd8 14.
O-O Kf8 15. Rb1 Qc7 16. Bd3 Kg8 17. Ng4 Bg5 18. Ne3 g6 19. Re1 Bf6 20. Nc4
d6 21. Qf3 Bg7 22. Qg3 Ba6 23. Nd2 Bxd3 24. cxd3 Rac8 25. Rbc1 Qa5 26. b3
Be5 27. Qf3 Nd4 28. Qg4 Nc2 29. Nc4 Nxe1 30. Rxe1 Qb5 31. h4 Bd4 32. Qg3 d5
33. Nd6 Rxd6 34. Qxd6 Qxd3 35. exd5 Qd2 36. Rf1 Bxf2+ 37. Kh1 Rc1 38. Qb8+
Kg7 39. Qe5+ f6 40. Qd6 Rxf1+ 41. Kh2 Bg1+ 42. Kh3 Qe3+ 43. g3 Rf3 44. Qe7+
Kh6 45. Qf8+ Kh5 46. Qd6 Bf2 47. Kh2 Bxg3+ { White resigns } 0-1

[Event "ICC tourney 2412 (45 10)"]
[Site "Internet Chess Club"]
[Date "2021.02.27"]
[Round "2"]
[White "Clifford, James:JacJac06"]
[Black "MUTHUKUMAR, AADITH:dabpacman"]
[Result "1/2-1/2"]
[ICCResult "Game drawn by mutual agreement"]
[WhiteElo "1709"]
[BlackElo "1458"]
[Opening "Sicilian: Alapin's variation (2.c3)"]
[ECO "B22"]
[NIC "SI.46"]
[Time "13:31:47"]
[PlyCount "147"]
[TimeControl "2700+10"]

1. e4 c5 2. c3 b6 3. d4 cxd4 4. cxd4 Bb7 5. Nc3 a6 6. Bc4 e6 7. d5 Qc7 8.
Qe2 b5 9. Bb3 Bb4 10. Bd2 Nf6 11. a3 Ba5 12. Rc1 Qd8 13. Bg5 h6 14. Bh4 g5
15. Bg3 O-O 16. Qd3 exd5 17. exd5 Re8+ 18. Ne2 Ne4 19. Bc2 Bxc3+ 20. bxc3
Qf6 21. O-O Qg7 22. Bc7 Nf6 23. Bb3 a5 24. Bb6 b4 25. axb4 axb4 26. cxb4
Ra3 27. Rc3 Ne4 28. Bd4 Qg6 29. Rc7 Bxd5 30. Rb1 Qe6 31. Bxd5 Rxd3 32. Bxe6
fxe6 33. b5 Nd6 34. b6 Nb5 35. Be5 Nxc7 36. bxc7 Nc6 37. h3 Rd2 38. Ng3 Kf7
39. Rb8 Nxb8 40. cxb8=Q Rxb8 41. Bxb8 Rb2 42. Be5 Rb5 43. Bd4 e5 44. Be3 d5
45. Kf1 d4 46. Bd2 Ke6 47. Ne4 d3 48. f3 Rd5 49. h4 gxh4 50. Bxh6 Kf5 51.
Kg1 Rd4 52. Nd2 Rd6 53. Be3 Rg6 54. Kh2 Ke6 55. Bf2 Kd5 56. Bxh4 Kd4 57.
Bf2+ Kc3 58. Be3 Kc2 59. Kg1 Kd1 60. Kf2 Rg7 61. Nc4 Re7 62. g4 Kc2 63. g5
Kc3 64. Nd2 Kc2 65. Kg3 Kd1 66. Nc4 Ke2 67. Bd2 Rc7 68. Nxe5 Kxd2 69. g6
Ke3 70. Nxd3 Kxd3 71. Kg4 Kd4 72. f4 Ke4 73. Kg5 Rc5+ 74. Kh6 { Game drawn
by mutual agreement } 1/2-1/2